AoeStats
← Lagarto Fernando

Arena

508719024Analyzed
3v3 RM · 8d ago on Sep 23, 2026· 66m 59s· 6 players
Game mode
Random Map
Map size
Normal (6 player)
Population
200
Speed
Normal
Resources
Standard
Victory
Conquest
Starting age
Dark Age
Ending age
Imperial Age
RankedLock teamsTeams togetherTeam positionsShared explorationLock speedFull tech treeHidden civsTurbo modeCheats
Victory
Defeat
🇬🇧 Persians · United Kingdom
1247
+14
🇪🇸 Portuguese · Spain
1195
+16
🇵🇦 Lithuanians · Panama
1108
+21
🇦🇷 Persians · Argentina
1245
-19
🇦🇷 Celts · Argentina
1222
-18
🇦🇷 Britons · Argentina
1126
-14
Lagarto Fernando
8:02 Loom
10:12 Feudal Age
10:51 Double-Bit Axe
16:40 Castle Age
14:35 Horse Collar
18:01 Heavy Plow
18:13 Bow Saw
27:51 Imperial Age
25:48 Stone Mining
25:56 Gold Mining
26:25 Fortified Wall
26:09 Treadmill Crane
26:46 Masonry
30:00 Stone Shaft Mining
29:32 Circumnavigation
31:32 Wheelbarrow
32:09 Chemistry
33:00 Hand Cart
32:32 Town Watch
33:11 Guilds
33:34 Coinage
33:39 Architecture
33:37 Arquebus
34:06 Ballistics
38:11 Conscription
39:40 Siege Engineers
41:03 Elite Organ Gun
45:13 Two-Man Saw
[ITBB] RossMichael
11:57 Feudal Age
15:40 Castle Age
13:42 Double-Bit Axe
14:51 Horse Collar
16:40 Bow Saw
18:41 Bloodlines
34:27 Imperial Age
32:36 Wheelbarrow
31:53 Loom
33:14 Gold Mining
34:11 Scale Barding Armor
34:48 Forging
34:45 Cavalier
35:34 Heavy Plow
36:16 Chain Barding Armor
37:15 Iron Casting
36:43 Husbandry
39:34 Blast Furnace
39:19 Pikeman
43:39 Heavy Camel Rider
45:37 Plate Barding Armor
45:51 Gold Shaft Mining
45:35 Stone Mining
47:07 Hand Cart
48:59 Crop Rotation
49:55 Savar
61:20 Scale Mail Armor
62:02 Light Cavalry
62:46 Halberdier
66:10 Two-Man Saw
66:48 Town Watch
P2Phantom
5:12 Loom
10:29 Feudal Age
12:51 Double-Bit Axe
12:57 Horse Collar
13:17 Gold Mining
16:14 Castle Age
16:40 Fletching
16:52 Scale Mail Armor
20:53 Chain Mail Armor
20:31 Pikeman
24:39 Padded Archer Armor
26:51 Bow Saw
26:43 Heavy Plow
41:47 Squires
48:55 Squires
53:32 Hill Forts
Greengetawn
10:19 Feudal Age
11:11 Loom
16:08 Castle Age
14:02 Double-Bit Axe
14:05 Horse Collar
21:05 Wheelbarrow
20:43 Bow Saw
24:35 Pikeman
30:32 Imperial Age
28:21 Scale Barding Armor
28:28 Forging
29:18 Husbandry
29:28 Bloodlines
29:41 Chain Barding Armor
30:11 Heavy Plow
30:03 Stone Mining
30:04 Gold Mining
31:08 Iron Casting
31:24 Heavy Camel Rider
34:54 Fletching
36:00 Conscription
37:00 Plate Barding Armor
36:22 Bodkin Arrow
36:47 Kamandaran
37:53 Padded Archer Armor
38:55 Chemistry
38:16 Ballistics
40:01 Blast Furnace
39:17 Leather Archer Armor
40:57 Crossbowman
41:43 Thumb Ring
54:56 Ring Archer Armor
60:56 Light Cavalry
MRQ
7:28 Loom
9:29 Feudal Age
15:14 Castle Age
13:52 Double-Bit Axe
24:43 Forging
26:54 Iron Casting
31:18 Scale Mail Armor
42:34 Imperial Age
40:49 Wheelbarrow
42:44 Chain Mail Armor
42:52 Pikeman
43:21 Gambesons
43:22 Arson
43:32 Halberdier
44:46 Conscription
45:11 Bow Saw
45:21 Horse Collar
46:16 Capped Ram
49:41 Elite Woad Raider
53:10 Siege Ram
54:52 Hand Cart
58:15 Blast Furnace
57:45 Plate Mail Armor
francolopre
10:27 Feudal Age
16:42 Castle Age
17:37 Double-Bit Axe
17:34 Horse Collar
24:58 Wheelbarrow
24:13 Loom
26:27 Gold Mining
26:27 Stone Mining
30:35 Imperial Age
29:33 Fletching
29:44 Padded Archer Armor
29:56 Town Watch
31:45 Ballistics
32:26 Chemistry
32:17 Bodkin Arrow
33:03 Bow Saw
33:31 Gold Shaft Mining
33:17 Hand Cart
33:02 Town Patrol
33:06 Heavy Plow
33:23 Leather Archer Armor
34:48 Yeomen
34:40 Treadmill Crane
35:11 Masonry
35:07 Siege Engineers
35:35 Bracer
36:44 Elite Longbowman
38:51 Ring Archer Armor
39:49 Murder Holes
40:25 Architecture
41:00 Two-Man Saw
43:13 Pikeman
43:53 Squires
43:40 Gambesons
45:02 Halberdier
46:57 Forging
46:47 Scale Mail Armor
51:08 Cavalier
51:48 Husbandry
53:24 Conscription
Connection lost

Rejoining the realm…

Still unreachable

The connection could not be restored.

Session expired

The server has moved on; the page needs a fresh start.